 Dungeon Crawl Stone Soup version 0.29-a0-330-g52719c12eb (webtiles) character file.

Game seed: 12118615220496091389

1901022 magipi the Pulveriser (level 27, 107/219 (230) HPs)
             Began as a Gnoll Cinder Acolyte on May 24, 2022.
             Was a Believer of Ignis.
             Escaped with the Orb
             ... and 4 runes on May 27, 2022!
             The game lasted 06:56:03 (101290 turns).

magipi the Pulveriser (Gnoll Cinder Acolyte)      Turns: 101290, Time: 06:56:04

HP:   107/219 (230) AC: 29    Str: 14 (16) XL:     27
MP:   41/41         EV: 28    Int: 20      God:    Ignis [**....]
Gold: 2492          SH: 25    Dex: 25 (26) Spells: 16/64 levels left

rFire   + + +      SeeInvis +   a - +18 lance "Wyrmbane" {slay drac, rPois rF+ rC+ AC+3}
rCold   + + +      Faith    .   s - +3 kite shield of Parts Unknown {Dex+6}
rNeg    . . .      Spirit   .   C - +6 acid dragon scales
rPois   +          Reflect  +   E - +2 hat {SInv}
rElec   +          Harm     .   U - +2 cloak {Will+}
rCorr   +          Rampage  .   c - +1 pair of gloves of the Valley of Death {Dex+4}
Will    ++++.                   Q - +0 pair of boots of Duty {rPois Dex+5}
Stlth   +++.......              r - amulet of reflection
HPRegen 0.46/turn               e - ring "Hoihaown" {rElec rPois rC++ Will+ Int-4}
MPRegen 0.27/turn               f - ring "Riniaw" {rF+ rCorr Dex+4}

@: studying 4 skills, lightly drained
A: fangs 1, strong nose, distributed training, talons 1, iridescent scales 1,
deformed body, deterioration 1, low MP 1, screaming 1, weak 1, no potion heal 1,
subdued magic 1
0: Orb of Zot
}: 4/15 runes: decaying, serpentine, slimy, silver
a: Renounce Religion, Fiery Armour, Foxfire Swarm, Rising Flame


You escaped.
You worshipped Ignis.
Ignis was pleased with you.
You visited 11 branches of the dungeon, and saw 56 of its levels.
You also visited: Trove, Sewer, Gauntlet and Desolation.

You collected 8465 gold pieces.
You spent 5973 gold pieces at shops.

Inventory:

Hand Weapons
 a - the +18 lance "Wyrmbane" (weapon) {slay drac, rPois rF+ rC+ AC+3}
   (You took it off Maggie on level 7 of the Dungeon)

   It inflicts extra damage against dragons and draconians.
   AC:        It affects your AC (+3).
   rF:        It protects you from fire.
   rC:        It protects you from cold.
   rPois:     It protects you from poison.
 b - a +2 dagger of electrocution
   (You took it off a necromancer on level 3 of the Crypt)
 w - the +4 hunting sling of Meomuu {speed, Dex+6}
   (You found it on level 2 of the Depths)

   Attacks with this weapon are significantly faster.
   Dex:       It affects your dexterity (+6).
Missiles
 j - 4 javelins (quivered)
 t - 12 curare-tipped darts
 B - 2 silver boomerangs
 V - 3 silver javelins
Armour
 c - the +1 pair of gloves of the Valley of Death (worn) {Dex+4}
   (You found it on level 2 of the Snake Pit)

   Dex:       It affects your dexterity (+4).
 s - the +3 kite shield of Parts Unknown (worn) {Dex+6}
   (You acquired it on level 2 of the Depths)

   Dex:       It affects your dexterity (+6).
 C - +6 acid dragon scales (worn)
   (You found it on level 6 of the Lair of Beasts)
 E - a +2 hat of see invisible (worn)
   (You took it off Gastronok on level 2 of the Lair of Beasts)
 Q - the +0 pair of boots of Duty (worn) {rPois Dex+5}
   (You acquired it on level 3 of the Snake Pit)

   Dex:       It affects your dexterity (+5).
   rPois:     It protects you from poison.
 U - a +2 cloak of willpower (worn)
   (You found it in a Gauntlet)
Jewellery
 e - the ring "Hoihaown" (left hand) {rElec rPois rC++ Will+ Int-4}
   (You bought it in a shop on level 2 of the Orcish Mines)

   [ring of willpower]

   Int:       It affects your intelligence (-4).
   rC:        It greatly protects you from cold.
   rElec:     It insulates you from electricity.
   rPois:     It protects you from poison.
   Will:      It increases your willpower.
 f - the ring "Riniaw" (right hand) {rF+ rCorr Dex+4}
   (You found it on level 5 of the Pits of Slime)

   [ring of resist corrosion]

   Dex:       It affects your dexterity (+4).
   rF:        It protects you from fire.
   rCorr:     It protects you from acid and corrosion.
 n - the ring of the Firefly {rC+ rN+ EV+4 Str-3}
   (You found it on level 1 of the Swamp)

   [ring of evasion]

   EV:        It affects your evasion (+4).
   Str:       It affects your strength (-3).
   rC:        It protects you from cold.
   rN:        It protects you from negative energy.
 r - an amulet of reflection (around neck)
   (You bought it in a shop on level 2 of the Orcish Mines)
Wands
 d - a wand of digging (24)
   (You found it on level 9 of the Dungeon)
 m - a wand of charming (3)
   (You took it off a naga mage on level 2 of the Snake Pit)
 q - a wand of iceblast (17)
   (You found it on level 4 of the Vaults)
 I - a wand of polymorph (22)
   (You found it on level 6 of the Lair of Beasts)
 P - a wand of paralysis (12)
   (You found it on level 1 of the Swamp)
Scrolls
 i - 8 scrolls of teleportation
 o - 4 scrolls of magic mapping
 x - 5 scrolls of summoning
 y - 11 scrolls of fog
 F - 2 scrolls of silence
 K - 5 scrolls of immolation
 S - 4 scrolls of blinking
 X - 6 scrolls of fear
Potions
 g - a potion of berserk rage
 h - 6 potions of cancellation
 l - 7 potions of flight
 p - 8 potions of might
 z - a potion of haste
 D - 5 potions of resistance
 G - 3 potions of lignification
 H - 4 potions of ambrosia
 J - 24 potions of curing
 M - 2 potions of magic
 R - 9 potions of heal wounds
 Z - 7 potions of mutation
Miscellaneous
 k - a tin of tremorstones (2/2)
   (You found it on level 5 of the Pits of Slime)
 L - a phial of floods
   (You found it on level 3 of the Elven Halls)
 N - a condenser vane
   (You found it on level 3 of the Elven Halls)
 O - a phantom mirror
   (You found it on level 11 of the Dungeon)
 W - a box of beasts
   (You found it in a Gauntlet)
 Y - a lightning rod (4/4)
   (You found it on level 2 of the Swamp)


   Skills:
 + Level 21.7 Fighting
 + Level 19.1 Short Blades
 + Level 19.1 Long Blades
 + Level 19.1 Axes
 + Level 19.1 Maces & Flails
 + Level 20.1 Polearms
 + Level 25.0 Staves
 + Level 19.1 Slings
 + Level 19.1 Bows
 + Level 20.9 Crossbows
 + Level 19.1 Throwing
 + Level 19.1 Armour
 + Level 19.1 Dodging
 + Level 19.1 Stealth
 + Level 19.1 Shields
 + Level 19.1 Unarmed Combat
 + Level 19.3 Spellcasting
 + Level 16.3 Conjurations
 + Level 16.3 Hexes
 + Level 16.3 Summonings
 + Level 16.3 Necromancy
 + Level 16.3 Translocations
 + Level 16.3 Transmutations
 + Level 17.1 Fire Magic
 + Level 16.3 Ice Magic
 + Level 16.3 Air Magic
 + Level 16.3 Earth Magic
 + Level 19.8 Poison Magic
 + Level 20.7 Invocations
 + Level 19.1 Evocations


You had 16 spell levels left.
You knew the following spells:

 Your Spells              Type           Power      Damage    Failure   Level
c - Call Canine Familiar  Summ           60%        N/A       0%          3
k - Borgnjor's Vile Clut  Necr/Erth      30%        N/A       1%          5
l - Summon Lightning Spi  Summ/Air       60%        N/A       1%          4
p - Portal Projectile     Hex/Tloc       100%       N/A       0%          3
s - Summon Ice Beast      Ice/Summ       60%        N/A       1%          4
t - Stone Arrow           Conj/Erth      100%       3d13      0%          3
u - Dispel Undead         Necr           60%        3d21      1%          4
v - Summon Mana Viper     Hex/Summ       60%        N/A       1%          5
w - Passwall              Tmut/Erth      50%        N/A       0%          2
x - Airstrike             Air            30%        N/A       1%          4
C - Freezing Cloud        Conj/Ice/Air   30%        6-21      1%          5
G - Summon Cactus Giant   Summ           30%        N/A       1%          6

Your spell library contained the following spells:

 Spells                   Type           Power      Damage    Failure   Level
 Animate Skeleton         Necr           100%       N/A       0%          1
 Beastly Appendage        Tmut           100%       N/A       0%          1
 Foxfire                  Conj/Fire      100%       2x1d9     0%          1
 Magic Dart               Conj           100%       1d8       0%          1
 Pain                     Necr           100%       1d9       0%          1
 Sandblast                Erth           100%       2d20      0%          1
 Shock                    Conj/Air       100%       1d9       0%          1
 Sting                    Tmut/Pois      100%       1d8       0%          1
 Summon Small Mammal      Summ           100%       N/A       0%          1
 Call Imp                 Summ           60%        N/A       0%          2
 Corpse Rot               Necr/Air       100%       N/A       0%          2
 Poisonous Vapours        Pois/Air       100%       N/A       0%          2
 Scorch                   Fire           100%       2d10      0%          2
 Sublimation of Blood     Necr           60%        N/A       0%          2
 Wereblood                Tmut           60%        N/A       0%          2
 Confusing Touch          Hex            60%        N/A       0%          3
 Conjure Flame            Conj/Fire      61%        6-21      0%          3
 Dazzling Flash           Conj/Hex       100%       N/A       0%          3
 Frozen Ramparts          Ice            100%       1d12      0%          3
 Gell's Gravitas          Tloc           60%        N/A       0%          3
 Inner Flame              Hex/Fire       61%        N/A       0%          3
 Lesser Beckoning         Tloc           60%        N/A       0%          3
 Mephitic Cloud           Conj/Pois/Air  62%        N/A       0%          3
 Ozocubu's Armour         Ice            60%        N/A       0%          3
 Spider Form              Tmut/Pois      63%        N/A       0%          3
 Summon Guardian Golem    Hex/Summ       60%        N/A       0%          3
 Swiftness                Air            60%        N/A       0%          3
 Teleport Other           Tloc           60%        N/A       0%          3
 Tukima's Dance           Hex            60%        N/A       0%          3
 Olgreb's Toxic Radiance  Pois           66%        N/A       0%          4
 Animate Dead             Necr           30%        N/A       1%          4
 Cause Fear               Hex            30%        N/A       1%          4
 Flame Wave               Conj/Fire      61%        2d12      1%          4
 Fulminant Prism          Conj/Hex       30%        3d16      1%          4
 Hailstorm                Conj/Ice       60%        3d13      1%          4
 Ice Form                 Ice/Tmut       60%        N/A       1%          4
 Iskenderun's Mystic Bla  Conj/Tloc      60%        2d13      1%          4
 Leda's Liquefaction      Hex/Erth       30%        N/A       1%          4
 Passage of Golubria      Tloc           60%        N/A       1%          4
 Agony                    Necr           60%        N/A       1%          5
 Alistair's Intoxication  Tmut/Pois      42%        N/A       1%          5
 Blade Hands              Tmut           30%        N/A       1%          5
 Excruciating Wounds      Necr           30%        N/A       1%          5
 Irradiate                Conj/Tmut      30%        3d23      1%          5
 Lee's Rapid Deconstruct  Erth           30%        3d17*     1%          5
 Lightning Bolt           Conj/Air       30%        1d47      1%          5
 Yara's Violent Unravell  Hex/Tmut       30%        3d13      1%          5
 Conjure Ball Lightning   Conj/Air       30%        3x3d10    1%          6
 Death Channel            Necr           30%        N/A       1%          6
 Eringya's Noxious Bog    Tmut/Pois      31%        N/A       1%          6
 Simulacrum               Ice/Necr       30%        N/A       1%          6
 Starburst                Conj/Fire      30%        6d9       1%          6
 Statue Form              Tmut/Erth      40%        N/A       1%          6
 Dragon Form              Tmut           30%        N/A       3%          7
 Enfeeble                 Hex            30%        N/A       3%          7
 Monstrous Menagerie      Summ           30%        N/A       3%          7
 Ozocubu's Refrigeration  Ice            30%        4d11      3%          7
 Spellforged Servitor     Conj/Summ      30%        N/A       3%          7
 Summon Hydra             Summ           30%        N/A       3%          7
 Borgnjor's Revivificati  Necr           30%        N/A       32%         8
 Discord                  Hex            30%        N/A       32%         8
 Disjunction              Tloc           30%        N/A       32%         8
 Infestation              Necr           30%        N/A       32%         8
 Chain Lightning          Conj/Air       30%        3d40      99%         9
 Death's Door             Necr           30%        N/A       99%         9
 Dragon's Call            Summ           30%        N/A       99%         9
 Fire Storm               Conj/Fire      30%        8d8       99%         9
 Shatter                  Erth           30%        3d25*     99%         9


Dungeon Overview and Level Annotations

Branches:
Dungeon (15/15)            Temple (0/1) D:4            Lair (6/6) D:11
  Swamp (4/4) Lair:4        Snake (4/4) Lair:2        Slime (5/5) Lair:6
    Orc (2/2) D:12            Elf (3/3) Orc:2        Vaults (5/5) D:14
  Crypt (3/3) Vaults:2       Tomb (0/3) Crypt:3      Depths (4/4) D:15
    Zot (5/5) Depths:4      Sewer (visited)         Desolation (visited)
Gauntlet (visited)

Altars:
Cheibriados
Dithmenos
Elyvilon
Gozag
Hepliaklqana
Kikubaaqudgha
Makhleb
Nemelex Xobeh
Okawaru
Ru
Sif Muna
Uskayaw
Vehumet
Wu Jian
Xom
Yredelemnul
Zin
The Shining One
Beogh
Jiyva

Shops:
D:7 [   D:9 =   D:10 *   D:13 =   D:15 :   Orc:2 [=*=   Elf:2 :=:=   Snake:1 **
Snake:2 (=([   Snake:3 =?=   Vaults:2 [   Vaults:5 ???   Depths:1 *
Depths:2 (

Portals:
Hell: Depths:1 Depths:2 Depths:3 Depths:4
Abyss: Zot:3 Depths:1 Depths:3
Pandemonium: Depths:2
Ziggurat: Depths:2

Annotations:
Elf:2 3 runed translucent doors
Vaults:4 Mennas
Crypt:2 Bai Suzhen
Zot:3 2 transporters, Meskin's ghost, legendary DjCj


Innate Abilities, Weirdness & Mutations

You have very sharp teeth.
Your uncanny sense of smell can sniff out nearby items.
Your experience applies equally to all skills.
You have sharp toenails.
You are partially covered in iridescent scales. (AC +2)
Armour fits poorly on your strangely shaped body.
Your body sometimes deteriorates upon taking damage.
Your magical capacity is low. (-10% MP)
You occasionally shout uncontrollably at your foes.
You are weak. (Str -2)
Potions are less effective at restoring your health.
Your spells are a little easier to cast, but a little less powerful.


Message History

You hit the Orb Guardian.
The Orb Guardian is moderately wounded.
The zombie hands constrict the Orb Guardian.
You block the Orb Guardian's attack.
You hit the Orb Guardian.
The Orb Guardian is moderately wounded.
The zombie hands constrict the Orb Guardian.
You block the Orb Guardian's attack.
A demonic crawler comes into view.
You impale the Orb Guardian!!
You bite the Orb Guardian, but do no damage.
The Orb Guardian is heavily wounded.
The zombie hands constrict the Orb Guardian.
Unknown command.
You puncture the Orb Guardian!
You bite the Orb Guardian, but do no damage.
The Orb Guardian is severely wounded.
The zombie hands constrict the Orb Guardian!
You block the Orb Guardian's attack.
Unknown command.
You hit the Orb Guardian.
You bite the Orb Guardian, but do no damage.
The Orb Guardian is almost dead.
The zombie hands constrict the Orb Guardian, but do no damage.
The Orb Guardian closely misses you.
Unknown command.
You impale the Orb Guardian!!
You kill the Orb Guardian!
The demonic crawler shrieks in warning!
Unknown command.
You climb upwards.
There is a stone staircase leading down here.
(D) Dungeon (T) Temple (L) Lair (S) Swamp (P) Snake Pit (M) Slime Pits (O) Orcish Mines (E) Elven Halls (V) Vaults (C) Crypt (W) Tomb (U) Depths (H) Hell (Z) Zot
Where to? (Enter - D:1 @ (x,y), ? - help) HP restored.
Magic restored.
There is a stone staircase leading up here.
You climb upwards.
There is a stone staircase leading down here.
There is a stone staircase leading up here.
You climb upwards.
There is a stone staircase leading down here.
You see here a +0 club.
There is an open door, spattered with blood here.
You see here a +0 dagger.
There is an open door here.
A tormentor comes into view.
Casting: Borgnjor's Vile Clutch (safe; 1% risk of failure)
Confirm with . or Enter, or press ? or * to list all spells.
Aiming: Borgnjor's Vile Clutch (safe; 1% risk of failure)
Press: ? - help, Shift-Dir - straight line, f - tormentor
Aim: a tormentor (100% to hit)
Zombie hands grab the tormentor.
The zombie hands constrict the tormentor!
The tormentor struggles to escape constriction.
Unknown command.
You reach to attack!
You barely miss the tormentor.
The tormentor is moderately wounded.
The zombie hands constrict the tormentor.
The tormentor struggles to escape constriction.
Unknown command.
You reach to attack!
You hit the tormentor.
The tormentor is severely wounded.
The zombie hands constrict the tormentor.
Unknown command.
You reach to attack!
You impale the tormentor!!
You kill the tormentor!
Unknown command.
(D) Dungeon (T) Temple (L) Lair (S) Swamp (P) Snake Pit (M) Slime Pits (O) Orcish Mines (E) Elven Halls (V) Vaults (C) Crypt (W) Tomb (U) Depths (H) Hell (Z) Zot
Where to? (Enter - D:1 @ (x,y), ? - help)
A Brimstone Fiend comes into view.
Unknown command.
Unknown command.
Throw: throwing net
Press: ? - help, Q - select action, (/) - cycle Shift-Dir - straight line, f - Brimstone Fiend
Aim: a Brimstone Fiend (85% to hit)
You throw a throwing net.
The throwing net hits the Brimstone Fiend.
The Brimstone Fiend is caught in the net!
The Brimstone Fiend calls on the powers of darkness!
Your body is wracked with pain!
Your body deteriorates!
You feel weakened.
The Brimstone Fiend struggles against the net.
The Brimstone Fiend gestures at you.
The sphere of damnation explodes!
The damnation engulfs you!
The Brimstone Fiend struggles against the net.
Aiming: Dig
Press: ? - help, Shift-Dir - straight line A rock wall.
This square is covered in magical glow.
The rock shatters into small pieces.
Okay, then.
There is a staircase leading out of the dungeon here.
You have escaped!

# ##.......#########.......##..#
# ##.....####....#..####.....##..
###....##........#.....###....##.
......##.....#######.....##....#.
.....##.....##...#.###....##...##
.....#....##.....#...##.........#
######...##...#####...##...##...#
#........#...##...##...#....#...#
#...######......@..#...#....#...#
#...#....#...##...##...#....#...#
#...##[..##...#####........##.(.#
#....#....##.........#######....#
##...##....###.....###.........##
.#...........#######.....##....#.
.##....###.............###....##.
..##.....####.......####.....##..
...##.......#########.......##..#


There were no monsters in sight!

Vanquished Creatures
  the Royal Jelly (Slime:5)
  5 dread liches
  An ancient lich (Zot:5)
  4 orbs of fire
  Mara (Vaults:1)
  3 juggernauts
  Sojobo (Vaults:2)
  Frederick (Vaults:4)
  Boris (thrice) (Vaults:2 Depths:1 Crypt:2)
  13 Killer Klowns
  2 curse toes
  Saint Roka (Vaults:4)
  Vashnia (Snake:2)
  4 caustic shrikes
  Nikola (Snake:3)
  10 golden dragons
  2 bone dragons
  2 electric golems (Zot:5)
  21 tentacled monstrosities
  2 hellephants (Depths:1)
  Jorgrun (D:13)
  28 Orb Guardians
  4 liches
  6 titans
  A walking earthen tome (Depths:2)
  2 deep elf blademasters
  The ghost of Apakk the Imperceptible, an adept OpNe of Fedhas (Snake:1)
  8 quicksilver dragons
  A walking divine tome (Depths:2)
  2 deep elf master archers (Elf:3)
  19 acid blobs
  Gastronok (Lair:2)
  11 death cobs
  An ancient champion (Crypt:2)
  6 sphinxes
  6 tengu reavers
  4 thorn hunters
  15 storm dragons
  Donald (Swamp:4)
  Kirke (D:14)
  4 nagarajas (Snake:4)
  10 shadow dragons
  2 revenants (Crypt:1)
  5 draconian monks
  16 azure jellies
  6 draconian knights
  8 rockslimes
  12 fire giants
  6 frost giants
  4 deep elf sorcerers
  17 vault wardens
  2 iron dragons
  4 ghost moths
  Aizul (Snake:2)
  18 ironbound preservers
  A caustic shrike zombie (Crypt:1)
  2 angels (Vaults:3)
  5 orc warlords
  A balrug (Zot:2)
  2 deep elf elementalists
  8 draconian scorchers
  4 draconian stormcallers
  4 draconian shifters
  A ghoul (Crypt:3)
  9 quicksilver oozes
  10 draconian annihilators
  2 spriggan defenders
  A stone giant (shapeshifter) (Vaults:5)
  8 war gargoyles
  6 ironbound thunderhulks
  23 stone giants
  7 vampire knights
  10 very ugly things
  13 black draconians
  3 deep elf demonologists
  7 green draconians
  5 eleionomae
  14 red draconians
  10 yellow draconians
  4 dire elephants
  A minotaur (Gauntlet)
  15 white draconians
  4 entropy weavers
  4 bunyips
  7 deep elf annihilators
  7 spark wasps
  25 purple draconians
  2 eidola (Crypt:1)
  The ghost of Zoykot the Martial Artist, a journeyman DsGl (Lair:3)
  3 crystal guardians (Crypt:3)
  9 deep elf death magi
  An ettin (shapeshifter) (Vaults:5)
  8 fire dragons
  3 jiangshi
  17 yaktaur captains
  2 quicksilver dragon zombies (Crypt:3)
  13 ettins
  5 deep elf high priests
  22 hydras
  8 great orbs of eyes
  4 boulder beetles
  A rakshasa (Depths:3)
  37 vault guards
  A ragged hierophant (Desolation)
  3 spriggan air magi
  9 ironbound frosthearts
  12 naga warriors
  2 ogre magi (Vaults:5)
  3 ghost crabs
  10 anacondas
  2 death knights (Crypt:1)
  10 ice dragons
  4 two-headed ogres
  A catoblepas (Lair:5)
  A peacekeeper (Desolation)
  18 centaur warriors
  17 dancing weapons
  Erica (D:9)
  6 alligators
  5 death yaks (Lair:5)
  7 deep troll earth magi
  5 deep troll shamans
  3 vampire magi
  10 tengu warriors
  2 titan zombies (Crypt:3)
  5 orc high priests (Orc:2)
  5 shock serpents
  22 naga sharpshooters
  6 hell hogs (Depths:1)
  2 spriggan berserkers (Depths:4)
  9 hell knights
  A soul eater (Crypt:1)
  3 sun demons (Zot:2)
  7 deep elf knights
  2 goliath frogs
  5 iron trolls
  5 sea snakes
  A shadow wraith (Crypt:2)
  2 salamander mystics (Snake:3)
  24 skeletal warriors
  7 spriggan druids
  4 large abominations (Depths:3)
  A sea snake (shapeshifter) (Elf:3)
  A fire crab (shapeshifter) (Vaults:5)
  2 glowing orange brains (Depths:1)
  A bunyip zombie (Crypt:3)
  12 swamp dragons
  46 deep trolls
  8 wizards
  2 flayed ghosts
  11 phantasmal warriors
  A shadow dragon zombie (Crypt:2)
  6 naga ritualists
  4 lindwurms (Vaults:1)
  A steelbarb worm (shapeshifter) (Depths:2)
  12 deep elf archers
  20 ironbound convokers
  7 bog bodies
  25 deep elf pyromancers
  18 orc knights
  An obsidian statue (Snake:1)
  2 wolf spiders
  A bunyip skeleton (Crypt:3)
  8 necromancers
  13 harpies
  5 shining eyes
  6 orc sorcerers
  25 deep elf zephyrmancers
  2 wolf spiders (shapeshifter) (Gauntlet)
  7 salamanders
  10 mana vipers
  An oklob plant (Lair:2)
  A manticore (D:15)
  2 will-o-the-wisps (Swamp:1)
  A manticore (shapeshifter) (Vaults:5)
  29 ugly things
  3 cyclopes
  2 elephants (Lair:5)
  29 black mambas
  18 vault sentinels
  11 guardian serpents
  25 moths of wrath
  An alligator snapping turtle zombie (Crypt:3)
  Joseph (D:9)
  Maurice (D:8)
  3 eyes of devastation
  5 unseen horrors
  20 naga magi
  5 cane toads
  A freezing wraith (Crypt:1)
  2 rime drakes
  Maggie (D:7)
  A dire elephant skeleton (Crypt:2)
  A death yak zombie (Crypt:1)
  An orc skeleton (Crypt:2)
  4 tengu conjurers
  An alligator snapping turtle skeleton (Crypt:2)
  A naga skeleton (Crypt:3)
  56 yaktaurs
  Psyche (D:8)
  A komodo dragon (shapeshifter) (D:14)
  3 kobold demonologists (D:12)
  A green draconian skeleton (Crypt:1)
  A tormentor (D:1)
  8 komodo dragons
  A grey draconian skeleton (Crypt:1)
  10 trolls
  A harpy zombie (Crypt:3)
  A queen bee (shapeshifter) (D:11)
  A merfolk (shapeshifter) (Elf:1)
  A catoblepas skeleton (Crypt:3)
  5 tyrant leeches
  17 hornets
  Grinder (D:3)
  A bloated husk (Swamp:2)
  8 polar bears
  13 blink frogs
  An iron troll skeleton (Crypt:1)
  A wolf spider simulacrum (D:11)
  A fire dragon zombie (Crypt:2)
  A blink frog (shapeshifter) (Vaults:4)
  114 slime creatures
  A slime creature (shapeshifter) (Vaults:5)
  5 saltlings (Desolation)
  A boulder beetle zombie (Crypt:2)
  A jumping spider (shapeshifter) (Gauntlet)
  An air elemental (Elf:3)
  A stone giant simulacrum (Crypt:2)
  A culicivora (shapeshifter) (D:13)
  30 flying skulls
  An ettin skeleton (Crypt:3)
  6 water elementals
  A basilisk (shapeshifter) (D:14)
  20 spriggans
  6 wyverns
  22 humans (D:14)
  5 wraiths
  40 yaks
  3 hogs (D:14)
  3 small abominations (Depths:3)
  Eustachio (D:6)
  A black mamba skeleton (Crypt:1)
  6 chaos spawn
  3 steam dragons
  A fire elemental (Elf:3)
  4 golden eyes (Slime:4)
  4 basilisks
  7 redbacks
  18 vampire mosquitoes
  Menkaure (D:6)
  18 swamp worms
  A swamp worm (shapeshifter) (Vaults:4)
  6 wargs
  48 nagas
  A demonspawn zombie (Crypt:1)
  15 hell hounds (Lair:6)
  16 water moccasins
  4 acid dragons
  2 floating eyes
  An ice beast (D:5)
  42 orc warriors
  13 black bears
  7 swamp drakes
  23 wolves
  3 sky beasts
  9 ogres
  A wolf (shapeshifter) (Depths:3)
  5 boggarts (D:14)
  10 centaurs
  5 kobold brigands
  A phantom (D:4)
  11 bullfrogs
  6 necrophages
  8 scorpions
  10 wights (D:8)
  A troll skeleton (Crypt:2)
  6 howler monkeys
  An electric eel (Snake:2)
  6 hounds
  A gnoll shaman (D:9)
  Crazy Yiuf (D:3)
  A jelly (D:4)
  8 iguanas
  29 orc priests
  2 centaur skeletons
  A basilisk skeleton (Crypt:1)
  20 orc wizards
  A naga zombie (Crypt:2)
  28 gnolls
  9 adders
  5 river rats (Sewer)
  4 shadow imps
  3 white imps
  An ufetubus (D:4)
  3 worms
  5 dart slugs
  140 orcs
  8 ball pythons
  3 bats
  3 endoplasms
  5 giant cockroaches
  7 goblins
  2 hobgoblins (D:3)
  18 jackals
  3 quokkas
  8 frilled lizards
  A jackal skeleton (Crypt:1)
  14 kobolds
  11 rats
  A briar patch (Swamp:4)
  A bush (Lair:6)
2413 creatures vanquished.

Vanquished Creatures (collateral kills)
  Jory (Vaults:3)
  A hellephant (Depths:1)
  A tentacled monstrosity (Zot:1)
  2 nagarajas
  Louise (Snake:3)
  A draconian scorcher (Zot:2)
  A red draconian (Zot:1)
  A deep elf demonologist (Elf:3)
  A deep elf death mage (Elf:3)
  4 naga warriors
  2 hydras
  A catoblepas (Lair:2)
  2 two-headed ogres (Orc:2)
  2 naga sharpshooters
  A tengu warrior (D:13)
  A deep troll (Vaults:4)
  6 sea snakes
  A cyclops (D:13)
  A moth of wrath (Zot:2)
  An elephant (Lair:5)
  A naga mage (Snake:4)
  A guardian serpent (Snake:4)
  3 black mambas
  A torpor snail (Lair:6)
  A cane toad (Lair:2)
  A komodo dragon (Lair:2)
  A yaktaur (Vaults:3)
  A troll (D:11)
  2 polar bears (Lair:6)
  A saltling (Desolation)
  2 slime creatures (D:14)
  A dream sheep (Lair:6)
  A shadow (D:10)
  11 yaks
  A vampire (D:12)
  A redback (Vaults:3)
  3 wargs
  5 nagas
  A swamp worm (Lair:4)
  A water moccasin (Lair:6)
  3 black bears (Lair:6)
  A swamp drake (Swamp:4)
  An ogre (Orc:2)
  6 wolves
  A bullfrog (Lair:1)
  An orc priest (Orc:1)
  5 orcs
90 creatures vanquished.

Vanquished Creatures (others)
  Boris (Vaults:3)
  A fire giant (Depths:2)
  A bunyip (Swamp:3)
  An alligator (Swamp:3)
  A shock serpent (Snake:1)
  A sea snake (Snake:4)
  2 wizards
  A deep elf pyromancer (Elf:1)
  4 bloated husks
  A sky beast (D:5)
  89 foxfires
  29 fungi
  A pillar of salt (Desolation)
  83 plants
  23 withered plants
239 creatures vanquished.

Grand Total: 2742 creatures vanquished

Notes
Turn   | Place    | Note
-------+----------+-------------------------------------------
     0 | D:1      | magipi the Gnoll Cinder Acolyte began the quest for the
                  | Orb.
     0 | D:1      | Reached XP level 1. HP: 23/23 MP: 4/4
   236 | D:1      | Reached XP level 2. HP: 25/29 MP: 5/5
   440 | D:1      | Learned a level 2 spell: Scorch
  1411 | D:2      | Reached XP level 3. HP: 35/35 MP: 7/7
  1591 | D:2      | Reached skill level 1 in Invocations
  2018 | D:3      | Found a glowing drain.
  2097 | Sewer    | Entered a sewer
  2159 | Sewer    | Reached skill level 1 in Short Blades
  2159 | Sewer    | Reached skill level 1 in Long Blades
  2159 | Sewer    | Reached skill level 1 in Axes
  2159 | Sewer    | Reached skill level 1 in Maces & Flails
  2159 | Sewer    | Reached skill level 1 in Staves
  2159 | Sewer    | Reached skill level 1 in Slings
  2159 | Sewer    | Reached skill level 1 in Bows
  2159 | Sewer    | Reached skill level 1 in Crossbows
  2159 | Sewer    | Reached skill level 1 in Throwing
  2159 | Sewer    | Reached skill level 1 in Armour
  2159 | Sewer    | Reached skill level 1 in Dodging
  2159 | Sewer    | Reached skill level 1 in Stealth
  2159 | Sewer    | Reached skill level 1 in Shields
  2159 | Sewer    | Reached skill level 1 in Unarmed Combat
  2159 | Sewer    | Reached skill level 1 in Evocations
  2161 | Sewer    | Reached XP level 4. HP: 41/41 MP: 8/8
  2242 | Sewer    | Noticed a kobold brigand
  2267 | Sewer    | Killed a kobold brigand
  2268 | Sewer    | Reached skill level 1 in Conjurations
  2268 | Sewer    | Reached skill level 1 in Hexes
  2268 | Sewer    | Reached skill level 1 in Summonings
  2268 | Sewer    | Reached skill level 1 in Necromancy
  2268 | Sewer    | Reached skill level 1 in Translocations
  2268 | Sewer    | Reached skill level 1 in Transmutations
  2268 | Sewer    | Reached skill level 1 in Ice Magic
  2268 | Sewer    | Reached skill level 1 in Air Magic
  2268 | Sewer    | Reached skill level 1 in Earth Magic
  2268 | Sewer    | Reached skill level 1 in Poison Magic
  2268 | Sewer    | Reached XP level 5. HP: 32/47 MP: 9/9
  2502 | Sewer    | Noticed a kobold brigand
  2512 | Sewer    | Killed a kobold brigand
  2513 | Sewer    | Reached XP level 6. HP: 53/53 MP: 10/10
  2690 | Sewer    | Reached skill level 2 in Staves
  2937 | D:3      | Found a runed translucent door.
  2938 | D:3      | Noticed Crazy Yiuf
  2961 | D:3      | Killed Crazy Yiuf
  3659 | D:3      | Reached XP level 7. HP: 59/59 MP: 12/12
  3809 | D:3      | Noticed Grinder
  3809 | D:3      | Paralysed by Grinder for 5 turns
  3826 | D:3      | Paralysed by Grinder for 4 turns
  3837 | D:3      | Killed Grinder
  3939 | D:3      | Reached XP level 8. HP: 66/67 MP: 14/14
  3996 | D:3      | Reached skill level 3 in Staves
  4412 | D:3      | Found a faded altar of an unknown god.
  5089 | D:4      | Found a staircase to the Ecumenical Temple.
  5186 | D:4      | Found a burning altar of Makhleb.
  5397 | D:5      | Entered Level 5 of the Dungeon
  5494 | D:5      | Reached XP level 9. HP: 39/73 MP: 16/16
  5928 | D:5      | Found an iron altar of Okawaru.
  5948 | D:5      | Reached skill level 4 in Staves
  6098 | D:5      | Reached skill level 5 in Spellcasting
  6190 | D:6      | Noticed Menkaure
  6205 | D:6      | Gained mutation: You have sharp toenails. [potion of
                  | mutation]
  6205 | D:6      | Gained mutation: You are partially covered in iridescent
                  | scales. (AC +2) [potion of mutation]
  6210 | D:6      | Killed Menkaure
  6407 | D:6      | Killed an unseen horror
  6412 | D:6      | Found a hazy altar of Hepliaklqana.
  6516 | D:6      | Found an opulent altar of Gozag.
  6516 | D:6      | Found a faded altar of an unknown god.
  6521 | D:6      | Found a snail-covered altar of Cheibriados.
  6523 | D:6      | Found a faded altar of an unknown god.
  6524 | D:6      | Found a shimmering altar of Xom.
  6548 | D:6      | Noticed a four-headed hydra
  6554 | D:6      | Learned a level 3 spell: Call Canine Familiar
  6562 | D:6      | Killed a four-headed hydra
  6563 | D:6      | Reached skill level 5 in Invocations
  6563 | D:6      | Reached XP level 10. HP: 75/80 MP: 18/18
  6715 | D:6      | Noticed Eustachio
  6720 | D:6      | Killed Eustachio
  6775 | D:7      | Reached skill level 5 in Short Blades
  6775 | D:7      | Reached skill level 5 in Long Blades
  6775 | D:7      | Reached skill level 5 in Axes
  6775 | D:7      | Reached skill level 5 in Maces & Flails
  6775 | D:7      | Reached skill level 5 in Staves
  6775 | D:7      | Reached skill level 5 in Slings
  6775 | D:7      | Reached skill level 5 in Bows
  6775 | D:7      | Reached skill level 5 in Crossbows
  6775 | D:7      | Reached skill level 5 in Throwing
  6775 | D:7      | Reached skill level 5 in Armour
  6775 | D:7      | Reached skill level 5 in Dodging
  6775 | D:7      | Reached skill level 5 in Stealth
  6775 | D:7      | Reached skill level 5 in Shields
  6775 | D:7      | Reached skill level 5 in Unarmed Combat
  6775 | D:7      | Reached skill level 5 in Evocations
  7101 | D:7      | Noticed Maggie
  7108 | D:7      | Killed Maggie
  7375 | D:7      | Found Baf Enn's Antique Armour Shoppe.
  7395 | D:7      | Found a radiant altar of Vehumet.
  7511 | D:8      | Noticed Psyche
  7817 | D:8      | Killed Psyche
  8615 | D:8      | Noticed Maurice
  8629 | D:8      | Killed Maurice
  8630 | D:8      | Reached XP level 11. HP: 87/87 MP: 20/20
  8671 | D:8      | Learned a level 4 spell: Airstrike
  8743 | D:9      | Noticed Joseph
  8768 | D:9      | Killed Joseph
  9016 | D:9      | Found Uzain's Jewellery Shop.
  9080 | D:9      | Reached skill level 6 in Staves
  9098 | D:9      | Reached skill level 5 in Conjurations
  9098 | D:9      | Reached skill level 5 in Hexes
  9098 | D:9      | Reached skill level 5 in Summonings
  9098 | D:9      | Reached skill level 5 in Necromancy
  9098 | D:9      | Reached skill level 5 in Translocations
  9098 | D:9      | Reached skill level 5 in Transmutations
  9098 | D:9      | Reached skill level 5 in Ice Magic
  9098 | D:9      | Reached skill level 5 in Air Magic
  9098 | D:9      | Reached skill level 5 in Earth Magic
  9098 | D:9      | Reached skill level 5 in Poison Magic
  9141 | D:9      | Noticed a two-headed ogre
  9149 | D:9      | Killed a two-headed ogre
  9345 | D:9      | Found a sacrificial altar of Ru.
  9515 | D:9      | Noticed Erica
  9533 | D:9      | Killed Erica
  9573 | D:9      | Found a shimmering blue altar of Sif Muna.
  9944 | D:7      | Bought an ichor-stained ring mail for 243 gold pieces
  9944 | D:7      | Identified the +1 ring mail "Tuirphy" {Fly Slay-4 SInv}
                  | (You bought it in a shop on level 7 of the Dungeon)
 10018 | D:10     | Entered Level 10 of the Dungeon
 10103 | D:10     | Found Zin's Purification Station.
 10109 | D:10     | Found a glowing silver altar of Zin.
 10504 | D:10     | Found the +7 Singing Sword {vorpal, sonic wave}
 11421 | D:11     | Found a staircase to the Lair.
 11441 | D:11     | Reached XP level 12. HP: 96/96 MP: 23/23
 11502 | D:11     | Identified the +4 scale mail "Mapi" {rF+}
 11751 | D:11     | Reached skill level 7 in Staves
 12176 | D:12     | Found a staircase to the Orcish Mines.
 12464 | D:12     | Noticed a boulder beetle
 12498 | D:12     | Noticed a five-headed hydra
 12538 | D:11     | Killed a boulder beetle
 12790 | D:12     | Killed a five-headed hydra
 13325 | D:12     | Reached skill level 10 in Fighting
 13325 | D:12     | Reached skill level 10 in Polearms
 13494 | D:12     | Identified the +4 mace of the Common Good {vorpal, rC+
                  | Will+ SInv}
 13874 | D:12     | Noticed an eight-headed hydra
 13883 | D:12     | Killed an eight-headed hydra
 14216 | Lair:1   | Entered Level 1 of the Lair of Beasts
 14244 | Lair:1   | Found a gate leading to a gauntlet.
 14266 | Gauntlet | Entered a Gauntlet
 14266 | Gauntlet | Found a transporter.
 14266 | Gauntlet | Found a large runed translucent door.
 14266 | Gauntlet | Found a large runed translucent door.
 14266 | Gauntlet | Found a large runed translucent door.
 14266 | Gauntlet | Found a large runed translucent door.
 14266 | Gauntlet | Found a runed translucent door.
 14266 | Gauntlet | Found a runed translucent door.
 14266 | Gauntlet | Found a large runed translucent door.
 14266 | Gauntlet | Found a large runed translucent door.
 14266 | Gauntlet | Found a large runed translucent door.
 14266 | Gauntlet | Found a large runed translucent door.
 14266 | Gauntlet | Found a large runed translucent door.
 14266 | Gauntlet | Found a large runed translucent door.
 14267 | Gauntlet | Found a large runed translucent door.
 14267 | Gauntlet | Found a large runed translucent door.
 14268 | Gauntlet | Found a large runed translucent door.
 14268 | Gauntlet | Found a large runed translucent door.
 14268 | Gauntlet | Found a large runed translucent door.
 14268 | Gauntlet | Found a large runed translucent door.
 14272 | Gauntlet | Found a runed translucent gate.
 14272 | Gauntlet | Found a runed translucent gate.
 14272 | Gauntlet | Found a runed translucent gate.
 14274 | Gauntlet | Found a transporter.
 14276 | Gauntlet | Found a transporter.
 14278 | Gauntlet | Found a transporter.
 14291 | Gauntlet | Found a transporter.
 14304 | Gauntlet | Found a transporter.
 14311 | Gauntlet | Found a transporter.
 14322 | Gauntlet | Noticed a reaper
 14326 | Gauntlet | Found a transporter.
 14345 | Gauntlet | Found a transporter.
 14365 | Gauntlet | Found a transporter.
 14383 | Gauntlet | Found a transporter.
 14395 | Gauntlet | Found a transporter.
 14397 | Gauntlet | Noticed a green death
 14407 | Gauntlet | Found a transporter.
 14424 | Gauntlet | Found a transporter.
 14441 | Gauntlet | Found a transporter.
 14445 | Gauntlet | Found a transporter.
 14446 | Gauntlet | Noticed a shock serpent
 14464 | Gauntlet | a shock serpent changed into a manticore
 14470 | Gauntlet | Found a transporter.
 14472 | Gauntlet | Found a transporter.
 14541 | Gauntlet | Noticed a boulder beetle
 14541 | Gauntlet | a deep troll changed into a boulder beetle
 14671 | Gauntlet | Noticed a spark wasp
 14674 | Gauntlet | a spark wasp changed into a wolf spider
 14872 | Gauntlet | Reached XP level 13. HP: 103/103 MP: 25/25
 14894 | Gauntlet | Identified the +2 hat of the True Pharaoh {Harm Dex+2}
 14924 | Gauntlet | Identified the +8 falchion of the Desert {flame, *Noise
                  | SInv Stlth+}
 14924 | Gauntlet | Noticed a minotaur
 14936 | Gauntlet | Killed a minotaur
 15220 | Lair:1   | Reached skill level 8 in Staves
 15632 | Lair:1   | Identified a scroll of acquirement
 15645 | Lair:1   | Acquired a book of Geomancy
 15652 | Lair:1   | Learned a level 2 spell: Passwall
 15656 | Lair:1   | Learned a level 3 spell: Portal Projectile
 15660 | Lair:1   | Learned a level 3 spell: Stone Arrow
 16133 | Lair:2   | Found a staircase to the Snake Pit.
 16563 | Lair:2   | Noticed Gastronok
 16718 | Lair:2   | Killed Gastronok
 17436 | Lair:3   | Found a runed translucent door.
 17437 | Lair:3   | Noticed Zoykot's ghost (journeyman DsGl)
 18471 | Lair:4   | Reached skill level 9 in Staves
 18672 | Lair:4   | Got the Compendium of Sinister Lightness
 18825 | Lair:4   | Reached XP level 14. HP: 103/113 MP: 27/27
 19038 | Lair:4   | Found a staircase to the Swamp.
 19866 | Lair:5   | Reached skill level 10 in Staves
 19866 | Lair:5   | Reached skill level 10 in Invocations
 19866 | Lair:5   | Reached XP level 15. HP: 119/119 MP: 28/28
 20134 | Lair:6   | Entered Level 6 of the Lair of Beasts
 20287 | Lair:6   | Reached skill level 10 in Spellcasting
 20661 | Lair:6   | Found a staircase to the Slime Pits.
 21286 | Lair:6   | Reached skill level 11 in Staves
 21740 | Lair:6   | Reached skill level 10 in Fire Magic
 22349 | Lair:6   | Reached skill level 10 in Short Blades
 22349 | Lair:6   | Reached skill level 10 in Long Blades
 22349 | Lair:6   | Reached skill level 10 in Axes
 22349 | Lair:6   | Reached skill level 10 in Maces & Flails
 22349 | Lair:6   | Reached skill level 10 in Slings
 22349 | Lair:6   | Reached skill level 10 in Bows
 22349 | Lair:6   | Reached skill level 10 in Crossbows
 22349 | Lair:6   | Reached skill level 10 in Throwing
 22349 | Lair:6   | Reached skill level 10 in Armour
 22349 | Lair:6   | Reached skill level 10 in Dodging
 22349 | Lair:6   | Reached skill level 10 in Stealth
 22349 | Lair:6   | Reached skill level 10 in Shields
 22349 | Lair:6   | Reached skill level 10 in Unarmed Combat
 22349 | Lair:6   | Reached skill level 10 in Evocations
 22429 | Lair:6   | Identified the +7 spear "Idwoho Xiam" {spect, Str+5 Int+2}
 22559 | Lair:6   | Identified the +8 quarterstaff "Ofazxen" {freeze, rC++}
 22928 | Lair:6   | Identified the +6 trident of Intuition {venom, rC+ Str+3}
 23164 | Orc:1    | Entered Level 1 of the Orcish Mines
 23545 | Orc:1    | Reached XP level 16. HP: 126/127 MP: 30/30
 23728 | Orc:2    | Entered Level 2 of the Orcish Mines
 24733 | Orc:2    | Learned a level 4 spell: Summon Lightning Spire
 24963 | Orc:2    | Found Kicy's Armour Emporium.
 25638 | Orc:2    | Found Dimeugay's Jewellery Shoppe.
 26021 | Orc:2    | Reached skill level 12 in Staves
 26118 | Orc:2    | Found a staircase to the Elven Halls.
 26876 | Orc:2    | Found Biegat's Jewellery Shoppe.
 27009 | Orc:2    | Found Enkayps's Assorted Antiques.
 27257 | Orc:2    | Bought an amulet of reflection for 450 gold pieces
 27429 | D:13     | Learned a level 5 spell: Freezing Cloud
 27516 | D:13     | Found a sparkling altar of Nemelex Xobeh.
 27671 | D:13     | Found Ixkoum's Jewellery Shoppe.
 28153 | D:13     | Noticed Jorgrun
 28169 | D:13     | Killed Jorgrun
 28838 | D:14     | Learned a level 4 spell: Summon Ice Beast
 29587 | D:14     | Found a gate to the Vaults.
 29653 | D:14     | Noticed Kirke
 29685 | D:14     | Killed Kirke
 30522 | D:14     | Found an ornate altar of the Wu Jian Council.
 30566 | D:15     | Entered Level 15 of the Dungeon
 30747 | D:15     | Reached skill level 13 in Staves
 30878 | D:15     | Reached XP level 17. HP: 135/135 MP: 32/32
 30882 | D:15     | Found Exuud's Book Emporium.
 30950 | D:15     | Found a staircase to the Depths.
 32009 | Snake:1  | Entered Level 1 of the Snake Pit
 32791 | Orc:2    | Bought the ring "Hoihaown" {rElec rPois rC++ Will+ Int-4}
                  | for 679 gold pieces
 33973 | Snake:1  | Found a runed translucent gate.
 33973 | Snake:1  | Found an opulent altar of Gozag.
 33974 | Snake:1  | Found a runed translucent gate.
 33975 | Snake:1  | Found a runed translucent gate.
 33975 | Snake:1  | Found Novoph's Assorted Antiques.
 33976 | Snake:1  | Found Mori's Assorted Antiques.
 33976 | Snake:1  | Noticed Apakk's ghost (adept OpNe)
 34147 | Snake:2  | Found Lezaxeni's Antique Weapon Emporium.
 34221 | Snake:2  | Found Hige Vef's Weapon Shop.
 35171 | Snake:2  | Identified the +1 pair of gloves of the Valley of Death
                  | {Dex+4}
 35219 | Snake:2  | Noticed Aizul
 35267 | Snake:2  | Killed Aizul
 35680 | Snake:2  | Reached skill level 14 in Staves
 35915 | Snake:2  | Noticed Vashnia
 36434 | Snake:2  | Killed Vashnia
 36502 | Snake:2  | Found Ebepysoc's Armour Boutique.
 36637 | Snake:2  | Found Icriy's Antique Armour Emporium.
 36929 | Snake:2  | Identified the +6 rapier "Plog" {vamp, rElec Will- SInv
                  | Stlth+}
 37023 | Snake:2  | Found Naysear's Jewellery Boutique.
 37069 | Snake:2  | Learned a level 6 spell: Summon Cactus Giant
 37186 | Snake:3  | Noticed Louise
 37197 | Snake:3  | Killed Louise
 37282 | Snake:3  | Found Wyuvaxuf's Jewellery Shop.
 37471 | Snake:3  | Noticed Nikola
 37493 | Snake:3  | Killed Nikola
 37494 | Snake:3  | Reached skill level 10 in Conjurations
 37494 | Snake:3  | Reached skill level 10 in Hexes
 37494 | Snake:3  | Reached skill level 10 in Summonings
 37494 | Snake:3  | Reached skill level 10 in Necromancy
 37494 | Snake:3  | Reached skill level 10 in Translocations
 37494 | Snake:3  | Reached skill level 10 in Transmutations
 37494 | Snake:3  | Reached skill level 10 in Ice Magic
 37494 | Snake:3  | Reached skill level 10 in Air Magic
 37494 | Snake:3  | Reached skill level 10 in Earth Magic
 37494 | Snake:3  | Reached skill level 10 in Poison Magic
 37504 | Snake:3  | Found Satiz's Magic Scroll Emporium.
 37617 | Snake:3  | Bought a scroll of fear for 70 gold pieces
 37617 | Snake:3  | Bought a scroll of teleportation for 60 gold pieces
 37617 | Snake:3  | Bought a scroll of summoning for 190 gold pieces
 37617 | Snake:3  | Bought a scroll of immolation for 70 gold pieces
 37618 | Snake:3  | Found Binics's Jewellery Emporium.
 37645 | Snake:3  | Reached XP level 18. HP: 126/144 MP: 31/34
 38244 | Snake:3  | Identified the +1 ring mail of Cowardice {Harm Str+2 Int+6
                  | Dex-5}
 38642 | Snake:4  | Entered Level 4 of the Snake Pit
 40088 | Snake:4  | Reached skill level 15 in Staves
 40201 | Snake:4  | Identified the +2 scale mail of Light {Int+4}
 41693 | Snake:4  | Got a serpentine rune of Zot
 41929 | Swamp:1  | Entered Level 1 of the Swamp
 42075 | Swamp:1  | Learned a level 4 spell: Dispel Undead
 42273 | Swamp:1  | Identified the ring of the Firefly {rC+ rN+ EV+4 Str-3}
 43269 | Swamp:1  | Reached XP level 19. HP: 122/152 MP: 35/35
 46058 | Swamp:4  | Entered Level 4 of the Swamp
 46663 | Swamp:4  | Reached skill level 16 in Staves
 47383 | Swamp:4  | Noticed Donald
 47395 | Swamp:4  | Killed Donald
 47869 | Swamp:4  | Got a decaying rune of Zot
 48206 | Elf:1    | Entered Level 1 of the Elven Halls
 49409 | Elf:1    | Reached XP level 20. HP: 148/160 MP: 37/37
 49973 | Elf:2    | Found Hucreb's Self-Improvement Boutique.
 50189 | Elf:2    | Found Gonue's Jewellery Shoppe.
 50190 | Elf:2    | Found Lonuhy's Book Shop.
 50192 | Elf:2    | Found Giukoz's Jewellery Shoppe.
 50199 | Elf:2    | Bought Great Wizards, Vol. II for 532 gold pieces
 50207 | Elf:2    | Learned a level 5 spell: Borgnjor's Vile Clutch
 50435 | Elf:2    | Found a runed translucent gate.
 50435 | Elf:2    | Found a runed translucent gate.
 50435 | Elf:2    | Found a runed translucent gate.
 50490 | Elf:3    | Entered Level 3 of the Elven Halls
 50873 | Elf:3    | Identified the ring "Buathi" {rPois rC+}
 51155 | Elf:3    | Paralysed by an air elemental for 1 turns
 51576 | Elf:3    | Reached skill level 17 in Staves
 52742 | Elf:2    | Reached skill level 15 in Fighting
 52742 | Elf:2    | Reached skill level 15 in Polearms
 53110 | Elf:3    | Identified the ring of Jarysyg {rF+ Dex+6}
 53958 | Elf:3    | Identified the +4 cloak of Haunted Liberty {rElec Int+3
                  | Dex-4}
 55045 | Vaults:1 | Entered Level 1 of the Vaults
 55593 | Vaults:1 | Reached skill level 15 in Invocations
 56612 | Vaults:1 | Reached XP level 21. HP: 69/168 MP: 32/39
 58690 | Vaults:2 | Noticed Mara
 58713 | Vaults:1 | Noticed magipi's illusion
 58764 | Vaults:1 | Noticed magipi's illusion
 58769 | Vaults:1 | Killed Mara
 58884 | Vaults:2 | Identified the +3 chain mail "Tofeoxta" {Rampage rElec
                  | Int+3}
 59105 | Vaults:2 | Reached skill level 18 in Staves
 59810 | Vaults:2 | Noticed Boris
 59943 | Vaults:2 | Killed Boris
 59982 | Vaults:2 | Noticed Sojobo
 60247 | Vaults:2 | Identified the +6 hand axe of the Keeping Gods {elec,
                  | Str+2}
 60322 | Vaults:2 | Killed Sojobo
 61801 | Vaults:2 | Found a staircase to the Crypt.
 61801 | Vaults:2 | Found a basalt altar of Yredelemnul.
 61802 | Vaults:2 | Found an ancient bone altar of Kikubaaqudgha.
 61920 | Vaults:2 | Found Yfusyufu's Antique Armour Shop.
 62527 | Vaults:3 | Found a white marble altar of Elyvilon.
 62535 | Vaults:3 | Found a glowing golden altar of the Shining One.
 62535 | Vaults:3 | Found a crumbling gateway.
 62535 | Vaults:3 | Found a glowing silver altar of Zin.
 62681 | Vaults:3 | Reached XP level 22. HP: 158/177 MP: 23/40
 62720 | Desolati | Entered the Desolation of Salt
 63182 | Vaults:3 | Reached skill level 15 in Spellcasting
 63191 | Vaults:3 | Noticed Boris
 63229 | Vaults:3 | HP: 8/178 [yaktaur captain/bolt (31)]
 63241 | Vaults:3 | Killed Boris
 63758 | Vaults:3 | You fall into a shaft and drop 1 floor!
 63840 | Vaults:3 | Reached skill level 19 in Staves
 64551 | Vaults:3 | Identified the +10 arbalest "Giant's Peril" {penet, Str-4
                  | Dex+5}
 64591 | Vaults:3 | Reached skill level 15 in Short Blades
 64591 | Vaults:3 | Reached skill level 15 in Long Blades
 64591 | Vaults:3 | Reached skill level 15 in Axes
 64591 | Vaults:3 | Reached skill level 15 in Maces & Flails
 64591 | Vaults:3 | Reached skill level 15 in Slings
 64591 | Vaults:3 | Reached skill level 15 in Bows
 64591 | Vaults:3 | Reached skill level 15 in Crossbows
 64591 | Vaults:3 | Reached skill level 15 in Throwing
 64591 | Vaults:3 | Reached skill level 15 in Armour
 64591 | Vaults:3 | Reached skill level 15 in Dodging
 64591 | Vaults:3 | Reached skill level 15 in Stealth
 64591 | Vaults:3 | Reached skill level 15 in Shields
 64591 | Vaults:3 | Reached skill level 15 in Unarmed Combat
 64591 | Vaults:3 | Reached skill level 15 in Evocations
 64694 | Vaults:3 | Noticed Jory
 64718 | Vaults:3 | Killed Jory
 65164 | Vaults:4 | Noticed Saint Roka
 65180 | Vaults:4 | Killed Saint Roka
 65305 | Vaults:4 | Noticed Mennas
 65448 | Depths:1 | Entered Level 1 of the Depths
 65796 | Depths:1 | Found Dichurix's Gadget Gallery.
 65822 | Depths:1 | Bought a wand of acid (4) for 272 gold pieces
 65822 | Depths:1 | Bought a wand of iceblast (3) for 119 gold pieces
 65853 | Depths:1 | Found a one-way gate to the infinite horrors of the Abyss.
 66574 | Depths:1 | Found a gateway to Hell.
 66621 | Depths:1 | Noticed Boris
 66630 | Depths:1 | Killed Boris
 67710 | Depths:1 | Found a portal to a secret trove of treasure.
 67779 | Depths:1 | Found a hide-covered altar of Uskayaw.
 67985 | Depths:2 | Found a one-way gate leading to the halls of Pandemonium.
 68004 | Depths:2 | Reached XP level 23. HP: 125/185 MP: 37/42
 68592 | Depths:2 | Found a shadowy altar of Dithmenos.
 68805 | Depths:2 | Found a one-way gateway to a ziggurat.
 69318 | Depths:2 | Noticed a caustic shrike
 69756 | Depths:2 | Noticed a golden dragon
 69767 | Depths:2 | Killed a golden dragon
 70093 | Depths:2 | Reached skill level 20 in Staves
 70404 | Depths:2 | Killed a caustic shrike
 70549 | Depths:2 | Noticed a juggernaut
 70572 | Depths:2 | Killed a juggernaut
 70826 | Depths:2 | Got the Tome of Creative Shape Shifting
 70867 | Depths:2 | Identified the +4 hunting sling of Meomuu {speed, Dex+6}
 71095 | Depths:2 | Found Zehiad's Weapon Shoppe.
 71123 | Depths:2 | Acquired the +3 kite shield of Parts Unknown {Dex+6}
 72146 | Depths:3 | Noticed a caustic shrike
 72171 | Depths:3 | Killed a caustic shrike
 72427 | Depths:3 | Noticed a caustic shrike
 72427 | Depths:3 | Noticed a caustic shrike
 72451 | Depths:3 | Killed a caustic shrike
 72452 | Depths:3 | Reached skill level 15 in Poison Magic
 72482 | Depths:3 | Killed a caustic shrike
 73134 | Depths:4 | Entered Level 4 of the Depths
 73770 | Depths:4 | Reached XP level 24. HP: 174/195 MP: 39/43
 74015 | Depths:4 | Found a gate to the Realm of Zot.
 74884 | Slime:1  | Entered Level 1 of the Pits of Slime
 75574 | Slime:1  | Gained mutation: Your body sometimes deteriorates upon
                  | taking damage. [a shining eye]
 76739 | Slime:5  | Entered Level 5 of the Pits of Slime
 76928 | Slime:5  | Found a viscous altar of Jiyva.
 76929 | Slime:5  | Noticed the Royal Jelly
 76951 | Slime:5  | Reached skill level 21 in Staves
 78219 | Slime:5  | Killed the Royal Jelly
 78985 | Slime:5  | Got a slimy rune of Zot
 78999 | Slime:5  | Identified the ring "Riniaw" {rF+ rCorr Dex+4}
 79523 | Lair:3   | Killed Zoykot's ghost
 79644 | Snake:1  | Killed Apakk's ghost
 79645 | Snake:1  | Reached skill level 15 in Fire Magic
 79768 | Snake:1  | Bought a scroll of fog for 54 gold pieces
 80206 | Vaults:4 | Noticed Frederick
 80225 | Vaults:4 | Killed Frederick
 80823 | Vaults:4 | Acquired 694 gold pieces
 81108 | Snake:3  | Bought 3 scrolls of acquirement for 3120 gold pieces
 81109 | Snake:3  | Acquired the +0 pair of boots of Duty {rPois Dex+5}
 81377 | Depths:1 | You paid a toll of 2 scrolls of acquirement to enter a
                  | treasure trove
 81378 | Trove    | Entered a treasure trove
 81389 | Trove    | Identified the ring "Inenawna" {rC- rN+ Will+++ Str+3 SInv}
 81391 | Trove    | Identified the amulet "Zisan" {Spirit Str+4 Dex+3}
 81398 | Trove    | Identified the ring "Nusiwoob" {Ice +Blink SInv}
 81403 | Trove    | Identified the amulet "Hogoweit" {Spirit Harm rC++ rN+
                  | Will-}
 81603 | Vaults:5 | Entered Level 5 of the Vaults
 81875 | Vaults:5 | Reached XP level 25. HP: 159/203 MP: 31/43
 82161 | Vaults:5 | Found Kymonteplu's Magic Scroll Shoppe.
 82192 | Vaults:5 | Found Baxt's Magic Scroll Shop.
 82222 | Vaults:5 | Found Huqifisa's Magic Scroll Shoppe.
 82691 | Vaults:5 | Bought a scroll of teleportation for 57 gold pieces
 82691 | Vaults:5 | Bought a scroll of teleportation for 57 gold pieces
 82733 | Vaults:5 | Identified the ring "Bakuocah" {rPois rN+}
 83226 | Vaults:5 | Got Haemacy's Almanac of Transmigration
 83400 | Vaults:5 | Reached skill level 22 in Staves
 83418 | Vaults:5 | Noticed a dread lich
 83439 | Vaults:5 | Killed a dread lich
 83678 | Vaults:5 | Noticed a dread lich
 84031 | Vaults:5 | Found the +18 shield of the Gong {rElec rN+ Will+ EV-5}
 84034 | Vaults:5 | Got a silver rune of Zot
 84054 | Vaults:5 | Identified the +0 plate armour "Wouthot" {Rampage}
 84139 | Vaults:5 | Killed a dread lich
 84397 | Vaults:5 | Identified the +6 shortbow "Yffism" {venom, rC+ rN+ Str+8
                  | Dex-3}
 84810 | Vaults:5 | Found Baxt's Magic Scroll Shop.
 84810 | Vaults:5 | Found Kymonteplu's Magic Scroll Shoppe.
 84891 | Vaults:5 | Found Huqifisa's Magic Scroll Shoppe.
 85437 | Crypt:1  | Entered Level 1 of the Crypt
 86510 | Crypt:2  | Noticed Bai Suzhen
 86569 | Crypt:2  | Reached XP level 26. HP: 213/213 MP: 44/44
 86613 | Crypt:2  | Noticed Boris
 86626 | Crypt:2  | Killed Boris
 86833 | Crypt:3  | Entered Level 3 of the Crypt
 87555 | Crypt:3  | Found a staircase to the Tomb.
 87809 | Crypt:3  | Found a basalt altar of Yredelemnul.
 87809 | Crypt:3  | Noticed a dread lich
 87813 | Crypt:3  | Killed a dread lich
 87834 | Crypt:3  | Identified the +6 hand crossbow of Disharmony {freeze,
                  | SInv}
 88135 | Crypt:3  | Got the Catalogue of Evil
 88555 | Zot:1    | Entered Level 1 of the Realm of Zot
 88630 | Zot:1    | You fall into a shaft and drop 1 floor!
 88748 | Zot:1    | Reached skill level 15 in Conjurations
 88748 | Zot:1    | Reached skill level 15 in Hexes
 88748 | Zot:1    | Reached skill level 15 in Summonings
 88748 | Zot:1    | Reached skill level 15 in Necromancy
 88748 | Zot:1    | Reached skill level 15 in Translocations
 88748 | Zot:1    | Reached skill level 15 in Transmutations
 88748 | Zot:1    | Reached skill level 15 in Ice Magic
 88748 | Zot:1    | Reached skill level 15 in Air Magic
 88748 | Zot:1    | Reached skill level 15 in Earth Magic
 89663 | Zot:1    | Reached skill level 23 in Staves
 90293 | Zot:2    | Identified the +1 leather armour "Fipao" {Str+3 Int+3
                  | Stlth+}
 90546 | Zot:2    | Noticed a Killer Klown
 90562 | Zot:2    | Killed a Killer Klown
 90947 | Zot:3    | Noticed Meskin's ghost (legendary DjCj)
 91004 | Zot:3    | Reached XP level 27. HP: 222/222 MP: 1/45
 91340 | Zot:3    | Found a transporter.
 91635 | Zot:3    | Noticed a dread lich
 92295 | Zot:3    | Found a transporter.
 93755 | Zot:4    | Identified the +0 cloak "Zeapuq" {Contam rPois rF+}
 93908 | Zot:4    | Reached skill level 24 in Staves
 94463 | Zot:4    | Noticed a juggernaut
 94463 | Zot:4    | a Killer Klown changed into a juggernaut
 94477 | Zot:4    | Killed a juggernaut
 95052 | Zot:5    | Entered Level 5 of the Realm of Zot
 95639 | Zot:5    | Noticed an orb of fire
 95672 | Zot:4    | Learned a level 5 spell: Summon Mana Viper
 95735 | Zot:5    | Noticed an orb of fire
 95736 | Zot:5    | Gained mutation: Armour fits poorly on your strangely
                  | shaped body. [an orb of fire]
 95743 | Zot:5    | Gained mutation: You are weak. (Str -2) [an orb of fire]
 95777 | Zot:4    | Killed an orb of fire
 95927 | Zot:5    | Gained mutation: Potions are less effective at restoring
                  | your health. [an orb of fire]
 95930 | Zot:5    | Gained mutation: Your magical capacity is low. (-10% MP)
                  | [an orb of fire]
 95931 | Zot:5    | Killed an orb of fire
 95971 | Zot:5    | Noticed a dread lich
 95972 | Zot:5    | Noticed an orb of fire
 95972 | Zot:5    | Noticed an orb of fire
 95981 | Zot:5    | Killed a dread lich
 95990 | Zot:5    | Gained mutation: Your spells are a little easier to cast,
                  | but a little less powerful. [an orb of fire]
 95998 | Zot:5    | Gained mutation: You occasionally shout uncontrollably at
                  | your foes. [an orb of fire]
 96008 | Zot:5    | Killed an orb of fire
 96017 | Zot:5    | Killed an orb of fire
 96598 | Zot:5    | Noticed an ancient lich
 96617 | Zot:5    | Noticed a juggernaut
 96617 | Zot:5    | a Killer Klown changed into a juggernaut
 96644 | Zot:4    | Killed a juggernaut
 96879 | Zot:5    | Killed an ancient lich
 97450 | Zot:5    | Noticed a dread lich
 97461 | Zot:5    | Killed a dread lich
100668 | Zot:5    | Got the Orb of Zot
100848 | Depths:3 | Reached skill level 25 in Staves
101290 | D:$      | Escaped with the Orb!

Illustrated notes

Levels and vault maps discovered:
D:1:      dpeg_arrival_circle_labyrinth_c, layout_basic, minivault_19,
          chequers_jeans, minmay_pentomino_u4
D:2:      layout_loops_ring
D:3:      lemuel_castle_with_subvaults [lemuel_castle_interior_carwin_3],
          layout_basic, cheibrodos_sewer_entry_drain,
          dreamdust_ecumenical_altar_hidden_monk_grotto, uniq_grinder,
          uniq_crazy_yiuf_cottage
D:4:      layout_basic, lightli_temple_of_fire, minmay_temple_entry_large_hall,
          minmay_misc_feat_alley
D:5:      layout_basic, overflow_temple_1_default
D:6:      layout_cave_pools, worldfamousw_hep_ancestral_shrine,
          chequers_temple_overflow_minitemple, uniq_eustachio, uniq_menkaure
D:7:      layout_basic, kennysheep_mini_moat, nicolae_take_the_stairs,
          uniq_maggie
D:8:      layout_layer_cave, uniq_maurice, uniq_psyche
D:9:      layout_basic, mainiacjoe_overflow_alcove_4, nicolae_ru_awakened_eye,
          serial_shops, nicolae_shop_advertising_works
          [nicolae_subvault_shop_adworks], uniq_erica, uniq_joseph
D:10:     old_forge, layout_basic, zin_purify
D:11:     layout_roguey, david_lair_generic
D:12:     layout_basic, hiddenorc2_lemuel, minivault_20
D:13:     layout_irregular_city, serial_shops, nicolae_shop_stone,
          nemelex_diamond_rough_becter, uniq_jorgrun
D:14:     layout_basic, grunt_vaults_entry_tiered,
          nicolae_wu_jian_immortal_techniques, uniq_kirke
D:15:     grunt_enter_depths_snipers, layout_basic, hangedman_decor_lopped,
          serial_shops, nicolae_shop_window_shopping,
          dreamdust_princess_corridor
Lair:1:   layout_gridlike, gauntlet_entry_generic, infiniplex_staircase_pool,
          serial_bayou_shore_b, grunt_megastairs_4
Lair:2:   minmay_lair_oklob_chamber, layout_cellular_growth,
          minmay_snake_entry_guardpost_small, lemuel_fruit_tree,
          grunt_megastairs_3, uniq_gastronok
Lair:3:   layout_chaotic_city, gammafunk_ghost_grave,
          infiniplex_staircase_pool_2
Lair:4:   layout_concentric_octagons, minmay_swamp_entry_worms
Lair:5:   layout_regular_city
Lair:6:   hangedman_lair_caniforms_friends, layout_cave_pods,
          guppyfry_lair_end_dragon, slime_dummy, serial_bayou_pond_a,
          minmay_shattered_shrine, grunt_megastairs_2
Swamp:1:  layout_falls_marsh, nicolae_swamp_big_swirl, swamp_pool4,
          nicolae_swamp_small_spring
Swamp:2:  layout_basic_swamp, evilmike_swamp_ruin_rubble_1, swamp_pool1,
          st_swamp_ruins_3
Swamp:3:  layout_basic_swamp, evilmike_swamp_ruin_house_4, swamp_pool3,
          nicolae_swamp_soggy_hallways
Swamp:4:  swamp, layout_basic_swamp, statue_in_the_mist_lemuel, uniq_donald
Snake:1:  layout_misc_corridors, ebering_ghost_gozag
Snake:2:  nicolae_snake_shooting_gallery, layout_onion_interference,
          serial_shops, nicolae_shop_waterfront, nicolae_square_shop,
          nicolae_shop_overgrown_old_shop, shop,
          nicolae_shop_bloodbath_and_beyond, drop_trap, serial_bayou_pond_b,
          uniq_vashnia, uniq_aizul
Snake:3:  layout_cave_town, serial_shops, nicolae_shop_statue_plus,
          minmay_shop_star, serial_bayou_shore_a, uniq_nikola, uniq_louise
Snake:4:  grunt_snake_rune_pools, layout_layer_cave, fake_guardian_serpent_vault
Slime:1:  layout_caves, cheibrodos_slime_lost_civilization_6
Slime:2:  layout_caves, nicolae_slime_welcoming_committee
Slime:3:  layout_caves
Slime:4:  layout_caves
Slime:5
Orc:1:    layout_diamond_mine, basic_altar
Orc:2:    pubby_orc_utopia
Elf:1:    minmay_elf_arrival_summoners, layout_loops_cross,
          hangedman_elven_crosses_minicolossus
Elf:2:    elven_hall_of_blades_hangedman_original
          [nicolae_blade_entry_sentries_behind_glass], layout_onion_city,
          corexii_leaking_fountain, minmay_misc_feat_cross,
          nicolae_shop_self_help, minmay_shop_grove
Elf:3:    grunt_elf_hall_asides, layout_gridlike, st_stairs_6,
          grunt_megastairs_1
Vaults:1: v_rooms_6, ontoclasm_vaults_ligature, v_misc_30,
          nicolae_vaults_network_square, vaults_room_semicircle,
          hangedman_vaults_capsules, vaults_mumra_hex, hangedman_vaults_cutoff,
          vaults_room_pool, ontoclasm_vaults_loading_screen,
          ontoclasm_vaults_idyll, layout_vaults_big_room
Vaults:2: v_rooms_5, minmay_crypt_entry_necro_gods, vaults_room_mumra_shop_pool,
          nicolae_vaults_what_the_h, v_pattern_3, vaults_dpeg_encased_lava,
          vaults_standard_mumra_x, vaults_dpeg_hooks,
          nicolae_vaults_mini_display_case, layout_vaults_omnigrid, uniq_boris,
          uniq_mara, uniq_sojobo
Vaults:3: portal_desolation_entry_holy_temple, hangedman_vaults_variations,
          st_cross, ontoclasm_vaults_loading_screen, vaults_room_corners,
          vaults_room_fours, nicolae_vaults_windows_and_doors_thing,
          nicolae_vaults_yaktaur_gun_rack, dpeg_vaults_monster_box,
          vaults_room_pool, layout_vaults_maze_bifur, uniq_jory
Vaults:4: v_misc_22, st_diamondy, vaults_room_grunt_arrival_checkpoint,
          v_alt_pattern_1, nicolae_vaults_specimen_jars, ontoclasm_vaults_spin,
          vaults_room_corners, ontoclasm_vaults_ring_small,
          layout_vaults_omnicross, uniq_frederick, uniq_saint_roka, uniq_mennas
Vaults:5: serial_shops
Crypt:1:  layout_gridlike
Crypt:2:  layout_chaotic_city, uniq_bai_suzhen
Crypt:3:  cryptofortress_bobbens
Depths:1: layout_cave_pools, hangedman_abyss_entry_splay,
          nicolae_trove_entry_crossroad, nicolae_uskayaw_suspiria,
          grunt_hell_horde, nrook_uturn, nicolae_shop_gadgets
Depths:2: minmay_tearing_corner, layout_gridlike, enter_ziggurat_a,
          serial_shops, shop, hell_entry, pan_entry, nicolae_sextant,
          nicolae_dithmenos_through_a_glass_darkly, minmay_staircase_bubble
Depths:3: nicolae_cairo_tiling_large, layout_gridlike, minmay_room_of_horrors,
          hell_entry, minmay_misc_feat_chi, infiniplex_staircase_star
Depths:4: evilmike_zot_entry_diamond, layout_twisted_cross, hell_entry,
          hangedman_decor_peaks_small, grunt_decor_resistance, drop_trap,
          hangedman_abyss_or_decor_passed, minmay_misc_feat_more_columns
Zot:1:    layout_gridlike, evilmike_ambush [evilmike_ambush_outer_basic,
          evilmike_ambush_inner_pond]
Zot:2:    layout_misc_corridors
Zot:3:    layout_misc_corridors, gammafunk_ghost_abyssal_escape
Zot:4:    cheibrodos_zot_enchanting_chambers, layout_concentric_octagons,
          bh_zot_lava_cross, grunt_ministairs_9, nicolae_zot_crop_circle
Zot:5:    layout_basic

Skill      XL: |  1  2  3  4  5  6  7  8  9 10 11 12 13 14 15 16 17 18 19 20 21 22 23 24 25 26 27 |
---------------+----------------------------------------------------------------------------------+-----
Invocations    | 1 2 3 4 5 6 7 8 9 10 11 12 13 14 15 16 17 18 19 20 | 20.7
Short Blades   | 1 2 3 4 5 6 7 8 9 10 11 12 13 14 15 16 17 19 | 19.1
Long Blades    | 1 2 3 4 5 6 7 8 9 10 11 12 13 14 15 16 17 19 | 19.1
Axes           | 1 2 3 4 5 6 7 8 9 10 11 12 13 14 15 16 17 19 | 19.1
Maces & Flails | 1 2 3 4 5 6 7 8 9 10 11 12 13 14 15 16 17 19 | 19.1
Staves         | 1 2 3 4 5 6 7 9 10 11 13 14 15 16 17 18 19 20 21 22 23 25 | 25.0
Slings         | 1 2 3 4 5 6 7 8 9 10 11 12 13 14 15 16 17 19 | 19.1
Bows           | 1 2 3 4 5 6 7 8 9 10 11 12 13 14 15 16 17 19 | 19.1
Crossbows      | 1 2 3 4 5 6 7 8 9 10 11 12 13 14 15 16 17 18 20 | 20.9
Throwing       | 1 2 3 4 5 6 7 8 9 10 11 12 13 14 15 16 17 19 | 19.1
Armour         | 1 2 3 4 5 6 7 8 9 10 11 12 13 14 15 16 17 19 | 19.1
Dodging        | 1 2 3 4 5 6 7 8 9 10 11 12 13 14 15 16 17 19 | 19.1
Stealth        | 1 2 3 4 5 6 7 8 9 10 11 12 13 14 15 16 17 19 | 19.1
Shields        | 1 2 3 4 5 6 7 8 9 10 11 12 13 14 15 16 17 19 | 19.1
Unarmed Combat | 1 2 3 4 5 6 7 8 9 10 11 12 13 14 15 16 17 19 | 19.1
Evocations     | 1 2 3 4 5 6 7 8 9 10 11 12 13 14 15 16 17 19 | 19.1
Spellcasting   | 3 4 5 6 7 8 9 10 11 12 13 14 15 16 17 18 19 | 19.3
Conjurations   | 1 2 3 4 5 6 7 8 9 10 11 12 13 14 15 16 | 16.3
Hexes          | 1 2 3 4 5 6 7 8 9 10 11 12 13 14 15 16 | 16.3
Summonings     | 1 2 3 4 5 6 7 8 9 10 11 12 13 14 15 16 | 16.3
Necromancy     | 1 2 3 4 5 6 7 8 9 10 11 12 13 14 15 16 | 16.3
Translocations | 1 2 3 4 5 6 7 8 9 10 11 12 13 14 15 16 | 16.3
Transmutations | 1 2 3 4 5 6 7 8 9 10 11 12 13 14 15 16 | 16.3
Ice Magic      | 1 2 3 4 5 6 7 8 9 10 11 12 13 14 15 16 | 16.3
Air Magic      | 1 2 3 4 5 6 7 8 9 10 11 12 13 14 15 16 | 16.3
Earth Magic    | 1 2 3 4 5 6 7 8 9 10 11 12 13 14 15 16 | 16.3
Poison Magic   | 1 2 3 4 5 6 7 8 9 10 11 12 13 14 15 16 17 18 19 | 19.8
Fighting       | 7 8 9 10 11 12 13 14 15 16 17 18 19 21 | 21.7
Polearms       | 7 8 9 10 11 12 13 14 15 16 17 18 20 | 20.1
Fire Magic     | 6 7 8 9 10 11 12 13 14 15 16 17 | 17.1

Action                   |  1- 3 |  4- 6 |  7- 9 | 10-12 | 13-15 | 16-18 | 19-21 | 22-24 | 25-27 || total
-------------------------+-------+-------+-------+-------+-------+-------+-------+-------+-------++-------
Melee: Spear             |    71 |    69 |    34 |       |       |       |       |       |       ||   174
       Bite              |     5 |    10 |     5 |    76 |   169 |   272 |   332 |   468 |   457 ||  1794
       Punch             |     1 |       |     3 |     5 |       |    34 |    30 |       |       ||    73
       Unarmed           |       |       |     3 |       |       |       |       |       |       ||     3
       Trident           |       |       |    25 |    31 |       |       |       |       |       ||    56
       Lance             |       |       |       |   620 |  1164 |  2078 |  2198 |  2254 |  2238 || 10552
       Dagger            |       |       |       |     2 |     6 |    45 |    35 |    48 |    93 ||   229
 Fire: Hunting sling     |       |       |       |       |       |       |       |    27 |     6 ||    33
Throw: Dart              |       |     5 |    23 |    10 |       |       |       |       |       ||    38
       Boomerang         |       |       |     4 |     8 |    89 |   484 |    30 |    70 |    35 ||   720
       Javelin           |       |       |       |       |       |     1 |     7 |    11 |     5 ||    24
       Throwing net      |       |       |       |       |       |       |       |       |     3 ||     3
 Cast: Scorch            |    19 |    53 |   137 |    72 |     5 |       |       |       |       ||   286
       Call Canine Famil |       |       |     1 |    33 |    41 |    24 |       |       |       ||    99
       Airstrike         |       |       |       |       |    10 |    23 |       |       |       ||    33
       Stone Arrow       |       |       |       |       |     2 |       |       |       |       ||     2
       Freezing Cloud    |       |       |       |       |       |    13 |    11 |    27 |    11 ||    62
       Summon Ice Beast  |       |       |       |       |       |    23 |       |     3 |       ||    26
       Summon Lightning  |       |       |       |       |       |    15 |       |     1 |       ||    16
       Passwall          |       |       |       |       |       |    10 |     2 |     3 |    14 ||    29
       Dispel Undead     |       |       |       |       |       |     2 |       |    10 |    60 ||    72
       Borgnjor's Vile C |       |       |       |       |       |       |    94 |   161 |   251 ||   506
       Summon Cactus Gia |       |       |       |       |       |       |       |     5 |     5 ||    10
       Portal Projectile |       |       |       |       |       |       |       |     1 |       ||     1
       Summon Mana Viper |       |       |       |       |       |       |       |       |     4 ||     4
Invok: Foxfire Swarm     |       |       |     1 |     1 |       |     1 |     1 |       |       ||     4
       Fiery Armour      |       |       |     1 |       |       |       |       |       |       ||     1
Evoke: Wand              |       |       |       |    28 |    19 |    59 |    48 |    11 |    18 ||   183
       Box of beasts     |       |       |       |       |     1 |     4 |     3 |     2 |     2 ||    12
       Phantom mirror    |       |       |       |       |     1 |       |     1 |       |       ||     2
       Lightning rod     |       |       |       |       |       |       |    11 |     2 |       ||    13
       Condenser vane    |       |       |       |       |       |       |     1 |     1 |       ||     2
       Phial of floods   |       |       |       |       |       |       |       |     1 |       ||     1
       Tin of tremorston |       |       |       |       |       |       |       |       |     4 ||     4
  Use: Scroll            |       |       |    13 |     9 |     6 |     8 |    13 |    29 |    10 ||    88
       Potion            |       |       |     9 |     1 |     2 |     2 |     2 |    19 |     4 ||    39
 Stab: Sleeping          |       |     1 |     2 |     8 |    16 |    37 |    25 |    30 |    57 ||   176
       Distracted        |       |       |       |     3 |    15 |    23 |     8 |     7 |    16 ||    72
       Paralysed         |       |       |       |     7 |       |     4 |       |       |     3 ||    14
       Invisible         |       |       |       |     1 |       |       |       |     2 |       ||     3
       Fleeing           |       |       |       |       |       |     1 |       |       |       ||     1
       Confused          |       |       |       |       |       |       |       |       |     1 ||     1
Armor: Robe              |     2 |       |       |       |       |       |       |       |       ||     2
       Ring mail         |    11 |    24 |    50 |     4 |       |       |       |       |       ||    89
       Steam dragon scal |       |       |       |    31 |       |       |       |       |       ||    31
       Leather armour    |       |       |       |   114 |   176 |       |       |       |       ||   290
       Acid dragon scale |       |       |       |       |    11 |   350 |   461 |   448 |   252 ||  1522
Dodge: Dodged            |    19 |    42 |    38 |   277 |   448 |   762 |   702 |   864 |   848 ||  4000
Block: Buckler           |       |       |       |   112 |   270 |   572 |       |       |       ||   954
       Reflection        |       |       |       |       |       |    75 |   127 |    28 |    39 ||   269
       Other             |       |       |       |       |       |    43 |    47 |       |       ||    90
       Kite shield       |       |       |       |       |       |       |   904 |  1564 |  1393 ||  3861

Table legend: (Time is in decaauts)
 A = Elapsed time spent in this place.
 B = Non-inter-level travel time spent in this place.
 C = Inter-level travel time spent in this place.
 D = Time resting spent in this place.
 E = Time spent auto-exploring this place.
 F = Levels seen in this place.
 G = Mean time per level.
                   A        B        C        D        E       F      G
               +--------+--------+--------+--------+--------+-----+--------+
         Total |  96942 |  90959 |   5983 |  29787 |  25257 |  60 | 1615.7 |
       Dungeon |  19399 |  17392 |   2007 |   2477 |   8248 |  15 | 1293.3 |
          Lair |   9353 |   8319 |   1034 |   2354 |   2748 |   6 | 1558.8 |
         Swamp |   6182 |   5996 |    186 |   2695 |    852 |   4 | 1545.5 |
     Snake Pit |   8618 |   8218 |    400 |   3003 |   1420 |   4 | 2154.5 |
    Slime Pits |   4036 |   4036 |      0 |   2630 |      0 |   5 |  807.2 |
  Orcish Mines |   4191 |   3718 |    473 |    868 |   1117 |   2 | 2095.5 |
   Elven Halls |   6350 |   6187 |    163 |   2292 |   1678 |   3 | 2116.7 |
        Vaults |  13958 |  13047 |    911 |   4137 |   4405 |   5 | 2791.6 |
         Crypt |   2652 |   2549 |    103 |    350 |    439 |   3 |  884.0 |
        Depths |   8732 |   8344 |    388 |   3171 |   2220 |   4 | 2183.0 |
           Zot |  11599 |  11284 |    315 |   5345 |   1701 |   5 | 2319.8 |
         Trove |     51 |     51 |      0 |      0 |      0 |   1 |   51.0 |
         Sewer |    890 |    890 |      0 |    181 |    406 |   1 |  890.0 |
    Desolation |    136 |    136 |      0 |      0 |      0 |   1 |  136.0 |
      Gauntlet |    787 |    787 |      0 |    281 |     21 |   1 |  787.0 |
               +--------+--------+--------+--------+--------+-----+--------+

Top non-repeatable levels by time:
   Zot:4: 4641 daAuts
Vaults:1: 3448 daAuts
Depths:2: 3423 daAuts
   Orc:2: 3409 daAuts
Vaults:2: 3401 daAuts
Vaults:5: 3173 daAuts
   Zot:5: 3065 daAuts
   Elf:3: 2888 daAuts
  Lair:6: 2652 daAuts
  Lair:2: 2462 daAuts
 Snake:4: 2386 daAuts
Vaults:3: 2307 daAuts
    D:14: 2274 daAuts
Depths:1: 2265 daAuts
 Snake:2: 2204 daAuts
